 Dungeon Crawl Stone Soup version 0.26-a0-639-g72c4674329 (webtiles) character file.

Game seed: 3743709476873152495

19002 DogServant the Fighter (level 12, -6/118 HPs)
             Began as a Minotaur Berserker on Sept 19, 2020.
             Was a High Priest of Trog.
             Mangled by a tengu warrior
             ... wielding a +0 dire flail
              (15 damage)
             ... on level 13 of the Dungeon.
             The game lasted 00:31:51 (17595 turns).

DogServant the Fighter (Minotaur Berserker)        Turns: 17595, Time: 00:31:51

Health: -6/118     AC: 12    Str: 25    XL:     12   Next: 32%
Magic:  11/11      EV: 15    Int:  4    God:    Trog [*****.]
Gold:   355        SH:  0    Dex: 12    Spells: 11/11 levels left

rFire    . . .     SeeInvis +   P - +0 battleaxe
rCold    + . .     Faith    .   (shield currently unavailable)
rNeg     . . .     Spirit   .   B - +4 ring mail of Sophism {SInv}
rPois    .         Reflect  .   (helmet restricted)
rElec    .         Harm     .   (no cloak)
rCorr    +         Rampage  .   (no gloves)
MR       +....                  y - +0 pair of boots "Liruq" {+Fly rC+}
Stlth    +.........             K - amulet of regeneration
HPRegen  0.69/turn              z - ring of resist corrosion
MPRegen  0.12/turn              I - ring of protection from magic

@: berserk cooldown, slowed, studying Fighting, very slow
A: retaliatory headbutt, horns 2
a: Berserk, Trog's Hand, Brothers in Arms, Renounce Religion, Evoke Flight


You were on level 13 of the Dungeon.
You worshipped Trog.
Trog was extremely pleased with you.
You visited 1 branch of the dungeon, and saw 13 of its levels.

You collected 909 gold pieces.
You spent 554 gold pieces at shops.

Inventory:

Hand Weapons
 P - a +0 battleaxe (weapon)
Armour
 y - the +0 pair of boots "Liruq" (worn) {+Fly rC+}
   (You found it on level 5 of the Dungeon)

   It protects you from cold.
   It lets you fly.
 B - the +4 ring mail of Sophism (worn) {SInv}
   (You bought it in a shop on level 4 of the Dungeon)

   It lets you see invisible.
Jewellery
 p - an uncursed ring of protection from fire
 z - a ring of resist corrosion (left hand)
 I - a ring of protection from magic (right hand)
 K - an amulet of regeneration (around neck)
Wands
 b - a wand of iceblast (10)
 l - a wand of paralysis (6)
 q - a wand of digging (6)
 w - a wand of flame (32)
 C - a wand of disintegration (4)
 D - a wand of enslavement (10)
Scrolls
 a - a scroll of enchant armour
 c - 8 scrolls of teleportation
 e - 7 scrolls of remove curse
 h - a scroll of fog
 i - a scroll of enchant weapon
 t - 3 scrolls of magic mapping
 v - 3 scrolls of fear
 x - a scroll of identify
 E - 2 scrolls of blinking
Potions
 f - 2 potions of lignification
 g - 3 potions of mutation
 j - 4 potions of magic
 k - 2 potions of brilliance
 m - a potion of cancellation
 n - 2 potions of curing
 o - 3 potions of flight
 r - 2 potions of stabbing
 s - a potion of haste
 u - a potion of ambrosia
 A - a potion of degeneration
 F - a potion of berserk rage {unknown}
 G - a potion of might {unknown}
 H - a potion of heal wounds {unknown}
Books
 d - a manual of Fighting


   Skills:
 + Level 14.4 Fighting
 + Level 13.0 Axes
 + Level 9.5 Armour
 + Level 7.5 Dodging
 - Level 1.7 Stealth
   Level 6.2 Shields
 + Level 7.3 Evocations


You had 11 spell levels left.
You didn't know any spells.
Your spell library contained the following spells:

 Spells                   Type           Power        Failure   Level
 Confusing Touch          Hex            #.......     94%         3
 Summon Guardian Golem    Hex/Summ       #.......     94%         3
 Tukima's Dance           Hex            #.......     94%         3
 Cause Fear               Hex            #.........   100%        4
 Excruciating Wounds      Necr           #.........   100%        5


Dungeon Overview and Level Annotations

Branches:
Dungeon (13/15)            Temple (0/1) D:6            Lair (0/6) D:9
    Orc (0/2) D:12
 Vaults: D:13-14

Altars:
Ashenzari
Cheibriados
Dithmenos
Elyvilon
Gozag
Kikubaaqudgha
Makhleb
Nemelex Xobeh
Ru
Uskayaw
Vehumet
Wu Jian
Yredelemnul
Zin

Shops:
D:4 [   D:6 ?   D:7 *}   D:10 (

Annotations:
D:4 Natasha
D:10 2 transporters, fly's ghost, journeyman TrDe
D:12 1 runed translucent door


Innate Abilities, Weirdness & Mutations

You reflexively headbutt those who attack you in melee.
You have a pair of horns on your head.


Message History

* * * LOW HITPOINT WARNING * * *
The freezing wraith freezes you! You resist.
* * * LOW HITPOINT WARNING * * *
The freezing wraith hits you but does no damage.
The freezing wraith barely misses you. You furiously retaliate!
You headbutt the freezing wraith. The freezing wraith hits you!
* * * LOW HITPOINT WARNING * * *
Press: ? - help, Dir - move target cursor
As you read the scroll of blinking, it crumbles to dust.
As you read the scroll of teleportation, it crumbles to dust.
You feel strangely unstable.
You open the door.
Your surroundings suddenly seem different.
A tengu warrior comes into view. It is wielding a +0 dire flail.
The tengu warrior shouts!
The tengu warrior hits you but does no damage.
The tengu warrior pecks you but does no damage.
The tengu warrior closely misses you.
The tengu warrior hits you with a +0 dire flail!
You die...

########### #.........#
######### #.....[...#
#.......# #.........#
#.......#
#..(......####.@Q....#
#.........##.'.......#
#.........##.#.......'.#
#............#.......###
#.........######'#####
#.........# #..#
#####.##### ##.# ##..#
#.# #..## #.## #######


You could see a tengu warrior.

Vanquished Creatures
  Harold (D:8)
  2 death knights
  A centaur warrior (D:13)
  2 two-headed ogres (D:13)
  A deep elf knight (D:12)
  An unseen horror (D:11)
  Pikel (D:7)
  2 deep elf magi
  3 ugly things
  Maurice (D:13)
  2 cyclopes
  Psyche (D:9)
  A yaktaur (shapeshifter) (D:13)
  A freezing wraith (D:13)
  3 meliai (D:13)
  Grinder (D:3)
  Prince Ribbit (D:8)
  2 hippogriffs (D:11)
  6 yaks (D:13)
  2 wyverns
  2 wraiths
  A basilisk (D:13)
  4 vampire mosquitoes (D:12)
  An acid dragon (D:13)
  A soldier ant (D:13)
  3 ice beasts
  3 orc warriors
  4 sky beasts
  3 phantoms
  2 black bears
  An eye of draining (D:13)
  5 ogres
  A necrophage (D:9)
  4 lemures (D:7)
  5 centaurs
  7 bullfrogs
  2 big kobolds
  A gnoll sergeant (D:8)
  2 wyvern skeletons
  A scorpion (D:5)
  8 killer bees (D:11)
  8 wights
  9 electric eels
  5 howler monkeys
  2 quasits
  A bullfrog zombie (D:11)
  A jelly (D:10)
  2 bullfrog skeletons
  4 hounds
  14 orc wizards
  3 orc priests
  2 centaur skeletons
  2 iguanas
  11 worker ants
  Natasha (twice) (D:4)
  2 hound skeletons
  2 worker ant zombies
  6 gnolls
  6 adders
  A white imp (D:9)
  3 ufetubi
  An ooze (D:3)
  An adder skeleton (D:5)
  3 worms
  4 leopard geckos
  38 orcs
  A ball python (D:1)
  7 giant cockroaches
  6 goblins
  10 hobgoblins
  18 jackals
  3 quokkas
  4 bats (D:2)
  4 frilled lizards
  2 jackal zombies
  20 kobolds
  A leopard gecko skeleton (D:5)
  A quokka skeleton (D:7)
  12 rats
318 creatures vanquished.

Vanquished Creatures (others)
  2 fungi (D:11)
  2 plants (D:10)
4 creatures vanquished.

Grand Total: 322 creatures vanquished

Notes
Turn   | Place    | Note
-------+----------+-------------------------------------------
     0 | D:1      | DogServant the Minotaur Berserker began the quest for the
                  | Orb.
     0 | D:1      | Reached XP level 1. HP: 19/19 MP: 0/0
   427 | D:1      | Reached XP level 2. HP: 25/27 MP: 1/1
   488 | D:1      | Reached skill level 4 in Fighting
  1034 | D:2      | Reached XP level 3. HP: 29/34 MP: 2/2
  1246 | D:2      | Found a burning altar of Makhleb.
  1246 | D:2      | Noticed a balrug
  1264 | D:2      | Noticed an orange demon
  1264 | D:2      | Noticed a hellwing
  1307 | D:2      | Reached ** piety under Trog
  1582 | D:2      | Found a sacrificial altar of Ru.
  1588 | D:2      | Reached XP level 4. HP: 41/41 MP: 3/3
  1963 | D:2      | Reached skill level 5 in Axes
  2115 | D:3      | Noticed Grinder
  2125 | D:3      | Killed Grinder
  2125 | D:3      | Reached skill level 5 in Fighting
  2125 | D:3      | Reached skill level 1 in Stealth
  2125 | D:3      | Reached XP level 5. HP: 48/48 MP: 4/4
  2125 | D:3      | Reached XP level 6. HP: 56/56 MP: 5/5
  2360 | D:3      | Found a white marble altar of Elyvilon.
  2511 | D:3      | Found a faded altar of an unknown god.
  2629 | D:3      | Reached *** piety under Trog
  3057 | D:4      | Found a shadowy altar of Dithmenos.
  3121 | D:4      | Noticed an orc warrior
  3130 | D:4      | Killed an orc warrior
  3130 | D:4      | Reached XP level 7. HP: 62/62 MP: 6/6
  3131 | D:4      | Reached skill level 6 in Fighting
  3132 | D:4      | Reached skill level 5 in Dodging
  3162 | D:4      | Noticed Natasha
  3169 | D:4      | Killed Natasha
  3305 | D:4      | Found Xuseleng's Antique Armour Emporium.
  3353 | D:4      | Found a shadowy altar of Dithmenos.
  3464 | D:4      | Noticed Natasha
  3469 | D:4      | Killed Natasha
  3554 | D:4      | Noticed Natasha
  3847 | D:4      | Found an opulent altar of Gozag.
  3889 | D:4      | Found a hide-covered altar of Uskayaw.
  4061 | D:5      | Entered Level 5 of the Dungeon
  4073 | D:5      | Got a pair of distressingly furry boots
  4079 | D:5      | Identified the +0 pair of boots "Liruq" {+Fly rC+} (You
                  | found it on level 5 of the Dungeon)
  4153 | D:5      | Reached XP level 8. HP: 55/71 MP: 7/7
  4246 | D:5      | Reached skill level 7 in Fighting
  4517 | D:5      | Found a shattered altar of Ashenzari.
  4605 | D:5      | Reached skill level 1 in Evocations
  4636 | D:4      | Bought a dazzling ring mail for 297 gold pieces
  4647 | D:4      | Identified the +4 ring mail of Sophism {SInv} (You bought
                  | it in a shop on level 4 of the Dungeon)
  4809 | D:5      | Found an ancient bone altar of Kikubaaqudgha.
  5291 | D:6      | Found Galeli's Magic Scroll Shop.
  5434 | D:6      | Found a staircase to the Ecumenical Temple.
  5503 | D:6      | Reached **** piety under Trog
  5904 | D:6      | Reached skill level 8 in Fighting
  5940 | D:6      | Found a radiant altar of Vehumet.
  5950 | D:6      | Found an ornate altar of the Wu Jian Council.
  6443 | D:7      | Found Bexet's Gadget Shop.
  6461 | D:7      | Found Burapuf's Assorted Antiques.
  6461 | D:7      | Noticed Pikel
  6483 | D:7      | Killed Pikel
  6483 | D:7      | Reached XP level 9. HP: 48/82 MP: 8/8
  6504 | D:7      | Reached skill level 5 in Armour
  6745 | D:7      | Bought 2 scrolls of identify for 88 gold pieces
  7596 | D:8      | Found a hide-covered altar of Uskayaw.
  7596 | D:8      | Noticed a deep elf mage
  7602 | D:8      | Killed a deep elf mage
  7602 | D:8      | Reached skill level 9 in Fighting
  7979 | D:8      | Noticed Prince Ribbit
  8290 | D:8      | Reached skill level 10 in Axes
  8434 | D:8      | Killed Prince Ribbit
  8463 | D:8      | Noticed Harold
  8474 | D:8      | Killed Harold
  8474 | D:8      | Reached skill level 10 in Fighting
  8474 | D:8      | Reached XP level 10. HP: 88/93 MP: 9/9
  8796 | D:8      | Found a snail-covered altar of Cheibriados.
  8942 | D:8      | Found a basalt altar of Yredelemnul.
  8942 | D:8      | Found a sparkling altar of Nemelex Xobeh.
  9140 | D:9      | Noticed Psyche
  9146 | D:9      | Killed Psyche
  9428 | D:9      | Identified a scroll of acquirement
  9428 | D:9      | Acquired a manual of Fighting
  9445 | D:9      | Found a staircase to the Lair.
  9463 | D:9      | Identified the Grimoire of Hexes and Darkness
  9525 | D:9      | Reached ***** piety under Trog
  9917 | D:10     | Entered Level 10 of the Dungeon
  9928 | D:10     | Reached skill level 1 in Shields
 11244 | D:10     | Noticed a cyclops
 11256 | D:10     | Killed a cyclops
 11256 | D:10     | Reached skill level 11 in Fighting
 11520 | D:10     | Found Giupecw's Antique Weapon Shop.
 11702 | D:10     | Noticed fly's ghost (journeyman TrDe)
 11734 | D:10     | Found a transporter.
 11738 | D:10     | Found a transporter.
 11969 | D:11     | Noticed an unseen horror
 11976 | D:11     | Killed an unseen horror
 11991 | D:11     | Reached skill level 5 in Evocations
 12298 | D:11     | Reached XP level 11. HP: 89/104 MP: 10/10
 12427 | D:11     | Reached skill level 12 in Fighting
 12569 | D:11     | Noticed a white ugly thing
 12576 | D:11     | Killed a white ugly thing
 12777 | D:11     | Reached skill level 5 in Shields
 13374 | D:12     | Found a glowing silver altar of Zin.
 13375 | D:12     | Found a runed translucent door.
 13375 | D:12     | Noticed an angel
 13758 | D:12     | Noticed a green ugly thing
 13769 | D:12     | Killed a green ugly thing
 14567 | D:12     | Noticed a deep elf knight
 14577 | D:12     | Killed a deep elf knight
 14577 | D:12     | Reached skill level 13 in Fighting
 14863 | D:10     | Bought a battleaxe for 169 gold pieces
 14909 | D:12     | Found a staircase to the Orcish Mines.
 14910 | D:12     | Noticed a death knight
 14934 | D:12     | Killed a death knight
 15990 | D:13     | Noticed Maurice
 15993 | D:13     | Killed Maurice
 16154 | D:13     | Noticed a deep elf mage
 16164 | D:13     | Killed a deep elf mage
 16176 | D:13     | Received a gift from Trog
 16720 | D:13     | Noticed a green ugly thing
 16722 | D:13     | Killed a green ugly thing
 16722 | D:13     | Reached XP level 12. HP: 116/116 MP: 11/11
 17004 | D:13     | Noticed a two-headed ogre
 17004 | D:13     | Noticed a two-headed ogre
 17020 | D:13     | Killed a two-headed ogre
 17020 | D:13     | Reached skill level 14 in Fighting
 17022 | D:13     | Killed a two-headed ogre
 17552 | D:13     | Noticed a death knight
 17570 | D:13     | Killed a death knight
 17575 | D:13     | Noticed a centaur warrior
 17588 | D:13     | Killed a centaur warrior
 17589 | D:13     | HP: 3/118 [freezing wraith[a death knight] (12)]
 17594 | D:13     | Noticed a tengu warrior
 17595 | D:13     | Mangled by a tengu warrior

Illustrated notes

Levels and vault maps discovered:
D:1:      giann_forest_graveyard, layout_loops_ring
D:2:      layout_loops_ring, makhleb_altar_promises_db,
          nicolae_ru_great_annihilating_truth
D:3:      layout_basic, lemuel_crystal_altar, chequers_ecumenical_altar_simple,
          uniq_grinder
D:4:      layout_cave_pools, kennysheep_mini, grunt_gozag_breadcrumbs,
          kennysheep_mini_moat, serial_shops, kennysheep_little_box,
          grunt_dithmenos_smoke_and_mirrors, uniq_natasha
D:5:      layout_loops_corners, lemuel_doored_altar,
          nicolae_ashenzari_panopticon
D:6:      layout_layer_cave, overflow_temple_1_default, vehumet_crystals,
          temple_statues, serial_shops, shop
D:7:      layout_basic, serial_shops, nicolae_shop_overgrown_old_shop,
          nicolae_shop_temple_entry_statues_fountains, minmay_misc_feat_columns,
          uniq_pikel
D:8:      layout_basic, overflow_temple_1_default,
          gammafunk_temple_overflow_elements, zaba_anthole,
          david_defended_altar_elf, uniq_prince_ribbit1, uniq_harold
D:9:      layout_roguey, lair_entry_dummy, palyth_stone_intersect,
          evilmike_butchery, uniq_psyche
D:10:     layout_basic, gammafunk_ghost_arena, serial_shops,
          nicolae_shop_overgrown_old_shop
D:11:     layout_long_grid, fungi_pond_lemuel
D:12:     lemuel_traditional_vault, layout_basic, lemuel_angel_altar
D:13:     layout_roguey, uniq_maurice

Skill      XL: |  1  2  3  4  5  6  7  8  9 10 11 12 |
---------------+-------------------------------------+-----
Axes           | 4 6 7 9 10 11 12 13 | 13.0
Fighting       | 4 5 6 8 10 11 13 14 | 14.4
Dodging        | 3 4 5 6 7 |  7.5
Stealth        | 1 |  1.7
Evocations     | 3 4 5 6 7 |  7.3
Armour         | 4 7 8 9 |  9.5
Shields        | 4 6 |  6.2

Action                   |  1- 3 |  4- 6 |  7- 9 | 10-12 || total
-------------------------+-------+-------+-------+-------++-------
Melee: Hand axe          |    79 |    83 |    36 |       ||   198
       Headbutt          |     9 |    14 |    44 |    71 ||   138
       War axe           |       |       |   201 |   285 ||   486
       Battleaxe         |       |       |       |    84 ||    84
Invok: Berserk           |     1 |     3 |     4 |    11 ||    19
Evoke: Wand              |       |       |       |    21 ||    21
  Use: Scroll            |       |       |    16 |    11 ||    27
       Potion            |       |       |       |     8 ||     8
 Stab: Sleeping          |       |     2 |     1 |     1 ||     4
       Distracted        |       |     1 |       |       ||     1
       Paralysed         |       |     1 |       |       ||     1
Armor: Animal skin       |    15 |       |     6 |       ||    21
       Ring mail         |       |       |    80 |   102 ||   182
       Skin              |       |       |       |    34 ||    34
Dodge: Dodged            |    50 |    48 |   172 |   233 ||   503

Table legend: (Time is in decaauts)
 A = Elapsed time spent in this place.
 B = Non-inter-level travel time spent in this place.
 C = Inter-level travel time spent in this place.
 D = Time resting spent in this place.
 E = Time spent auto-exploring this place.
 F = Levels seen in this place.
 G = Mean time per level.
                   A        B        C        D        E       F      G
               +--------+--------+--------+--------+--------+-----+--------+
         Total |  17735 |  16990 |    745 |   6293 |   8819 |  13 | 1364.2 |
       Dungeon |  17735 |  16990 |    745 |   6293 |   8819 |  13 | 1364.2 |
               +--------+--------+--------+--------+--------+-----+--------+

Top non-repeatable levels by time:
    D:12: 2803 daAuts
    D:10: 2089 daAuts
    D:13: 1714 daAuts
     D:8: 1696 daAuts
     D:6: 1170 daAuts
     D:5: 1134 daAuts
    D:11: 1123 daAuts
     D:7: 1100 daAuts
     D:2: 1095 daAuts
     D:4: 1062 daAuts
     D:3: 1025 daAuts
     D:1: 967 daAuts
     D:9: 752 daAuts
